 Dungeon Crawl Stone Soup version 0.30-a0-125-g51eefa89be (webtiles) character file.

Game seed: 15177234207453872717

9 sanka the Insei (level 2, -1/21 HPs)
             Began as a Merfolk Transmuter on Sept 18, 2022.
             Slain by a rat (2 damage)
             ... on level 1 of the Dungeon.
             The game lasted 00:00:38 (375 turns).

sanka the Insei (Merfolk Transmuter)                 Turns: 375, Time: 00:00:39

Health: -1/21      AC:  2    Str: 10    XL:     2   Next: 12%
Magic:  4/5        EV: 12    Int: 12    God:
Gold:   4          SH:  0    Dex: 14    Spells: 4/5 levels left

rFire   . . .      SeeInvis .      - Unarmed
rCold   . . .      Faith    .    (no shield)
rNeg    . . .      Spirit   .    a - +0 robe
rPois   .          Reflect  .    (helmet currently unavailable)
rElec   .          Harm     .    (no cloak)
rCorr   .          Rampage  .    (no gloves)
Will    .....                    (boots currently unavailable)
Stlth   +.........               (no amulet)
HPRegen 0.07/turn                (no ring)
MPRegen 0.09/turn                (no ring)

@: appendages
A: horns 2, (nimble swimmer 2), mertail
a: End Transformation


You were on level 1 of the Dungeon.
You had temporarily grown beastly horns.
You visited 1 branch of the dungeon, and saw 1 of its levels.

You collected 4 gold pieces.


Innate Abilities, Weirdness & Mutations

You have temporarily grown beastly horns.
((You are very nimble when in or above water. (Stealth+, EV+, Speed+++)))
Your lower body shifts to a powerful aquatic tail in water.


   Skills:
 - Level 1.1 Fighting
 - Level 2.6 Dodging
 * Level 3.8 Unarmed Combat
 - Level 2.0 Spellcasting
 + Level 3.0 Transmutations


You had 4 spell levels left.
You knew the following spells:

 Your Spells              Type           Power      Damage    Failure   Level
z - Beastly Appendage     Tmut           16%        N/A       8%          1

Your spell library contained the following spells:

 Spells                   Type           Power      Damage    Failure   Level
 Wereblood                Tmut           8%         N/A       12%         2
 Sublimation of Blood     Necr           1%         N/A       38%         2
 Spider Form              Tmut/Pois      4%         N/A       41%         3
 Ice Form                 Ice/Tmut       4%         N/A       82%         4
 Petrify                  Tmut/Erth      4%         N/A       82%         4
 Irradiate                Conj/Tmut      2%         3d12      99%         5

Inventory:

Armour
 a - a +0 robe (worn)
Scrolls
 e - a scroll of identify {unknown}
Potions
 b - 2 potions of lignification {!q}
 c - a potion of magic {unknown}
 d - a potion of brilliance {unknown}

Dungeon Overview and Level Annotations

Branches:
Dungeon (1/15)

Altars:

.............▒▒▒▒▒
.). ▒▒........▒▒
... ▒▒......#.▒
.... ▒.....≈≈.....
..... ▒......≈▒▒...
.....▒ ▒▒.......▒
...
......▒▒▒▒........▒
..
......r...........▒
......hm...#......▒
.#≈...hh.....≈#..▒▒
..≈....£.....≈..▒▒
▒....:.........▒▒
▒▒....###.....▒▒
▒▒...#≈##...▒▒
▒▒▒▒▒▒▒▒▒▒▒▒


You could see 3 jackals and a rat.


Message History

The rat bites you.
* * * LOW HITPOINT WARNING * * *
The jackal bites you but does no damage.
The jackal closely misses you.
Unknown command.
You hit the jackal.
The jackal is almost dead.
The jackal misses you. The jackal completely misses you.
The jackal barely misses you. The rat bites you but does no damage.
Unknown command.
You barely miss the jackal.
The jackal is almost dead.
The jackal closely misses you. The jackal closely misses you.
The jackal closely misses you. The rat bites you.
* * * LOW HITPOINT WARNING * * *
The jackal completely misses you. The jackal closely misses you.
You barely miss the jackal.
The jackal is almost dead.
The jackal barely misses you. The jackal bites you.
* * * LOW HITPOINT WARNING * * *
The jackal bites you.
* * * LOW HITPOINT WARNING * * *
The rat bites you.
You die...

Action                   || total
-------------------------++-------
Melee: Unarmed           ||    32
       Headbutt          ||     4
 Cast: Beastly Appendage ||     6
Armor: Robe              ||    12
Dodge: Dodged            ||    37

Levels and vault maps discovered:
D:1:      minmay_arrival_jagged, layout_basic,
          chequers_ecumenical_altar_simple_redux, kennysheep_decorative_pillar

Notes
Turn   | Place    | Note
-------+----------+-------------------------------------------
     0 | D:1      | sanka the Merfolk Transmuter began the quest for the Orb.
     0 | D:1      | Reached XP level 1. HP: 15/15 MP: 3/3
   359 | D:1      | Reached skill level 3 in Transmutations
   359 | D:1      | Reached XP level 2. HP: 19/21 MP: 3/5
   375 | D:1      | HP: 2/21 [jackal (2)]
   375 | D:1      | Slain by a rat

Vanquished Creatures
  2 endoplasms (D:1)
  A giant cockroach (D:1)
  A hobgoblin (D:1)
  A bat (D:1)
  2 frilled lizards (D:1)
  A kobold (D:1)
  A rat (D:1)
9 creatures vanquished.
